 Dungeon Crawl Stone Soup version 0.23.2 (webtiles) character file.

Game seed: 11067857046089664425

176 Kairos the Skirmisher (level 5, 0/38 HPs)
             Began as a Formicid Abyssal Knight on Apr 13, 2019.
             Was a Believer of Lugonu.
             Killed by divine providence
             ... invoked by an orc priest
              (7 damage)
             ... on level 3 of the Dungeon.
             The game lasted 00:03:03 (2082 turns).

Kairos the Skirmisher (Formicid Abyssal Knight)     Turns: 2082, Time: 00:03:03

Health: 0/38       AC:  7    Str: 17    XL:     5   Next: 86%
Magic:  6/6        EV: 10    Int: 15    God:    Lugonu [**....]
Gold:   168        SH:  3    Dex: 10    Spells: 4/4 levels left

rFire    . . .     SeeInvis +   e - +1 war axe "Sokh" {chop, rN++ Int+3}
rCold    . . .     Gourm    .   i - +0 buckler
rNeg     + + .     Faith    .   h - +0 ring mail
rPois    .         Spirit   .   (helmet unavailable)
rElec    .         Reflect  .   (no cloak)
rCorr    .         Harm     .   (no gloves)
MR       .....                  (no boots)
Stlth    +.........             d - amulet of regeneration
HPRegen  0.52/turn              (no ring)
MPRegen  0.10/turn              (no ring)

@: no status effects
A: permanent stasis, dig shafts and tunnels, four strong arms, antennae 3,
yellow scales 1, frail 1, mutation resistance 2
a: Dig, Shaft Self, Depart the Abyss, Bend Space, Renounce Religion


You were on level 3 of the Dungeon.
You worshipped Lugonu.
Lugonu was pleased with you.
You were hungry.

You visited 1 branch of the dungeon, and saw 3 of its levels.
You visited the Abyss 1 time.

You collected 168 gold pieces.

Inventory:

Hand Weapons
 a - a +1 spear
 e - the +1 war axe "Sokh" (weapon) {chop, rN++ Int+3}
   (You found it on level 2 of the Abyss)

   It inflicts extra damage upon your enemies.
   It affects your intelligence (+3).
   It greatly protects you from negative energy.
Armour
 b - a +0 leather armour
 h - a +0 ring mail (worn)
 i - a +0 buckler (worn)
Jewellery
 d - an amulet of regeneration (around neck)
Scrolls
 f - 2 scrolls of magic mapping {unknown}
 g - a scroll of teleportation
 j - a scroll of enchant armour {unknown}
Potions
 k - a potion of curing {unknown}
 l - 2 potions of brilliance
Comestibles
 c - 7 rations
 m - a chunk of flesh


   Skills:
 + Level 4.4 Fighting
 + Level 2.8(3.2) Axes
 + Level 2.1(2.9) Polearms
 + Level 3.0 Armour
 + Level 1.8 Dodging
 + Level 0.6 Stealth
 + Level 0.9 Shields
 + Level 2.2 Invocations


You had 4 spell levels left.
You didn't know any spells.
Your spell library was empty.

Dungeon Overview and Level Annotations

Branches:
Dungeon (3/15)

Altars:
Ashenzari
Nemelex Xobeh
Ru
Sif Muna
Yredelemnul
The Shining One


Innate Abilities, Weirdness & Mutations

You cannot be hasted, slowed, berserked, paralysed or teleported.
You can dig through walls and to a lower floor.
Your four strong arms can wield two-handed weapons with a shield.
You have a pair of large antennae on your head. (SInv)
You are partially covered in yellow scales. (AC +2)
You are frail. (-10% HP)
You are somewhat resistant to both further mutation and mutation removal.


Message History

Lugonu accepts your kill.
You barely miss the orc priest.
The orc priest is heavily wounded.
The orc priest mumbles some strange prayers to Beogh against you.
Beogh smites you!
* * * LOW HITPOINT WARNING * * *
The orc priest barely misses you.
You hear a shout!
You closely miss the orc priest.
The orc priest is heavily wounded.
The orc priest hits you with a +0 dagger.
* * * LOW HITPOINT WARNING * * *
You barely miss the orc priest.
The orc priest is heavily wounded.
The orc priest barely misses you.
You barely miss the orc priest.
The orc priest is heavily wounded.
The orc priest calls down the wrath of Beogh upon you.
Beogh smites you!
You die...

# .## #. ### ...# ...
..# ....# .. { #.#
....# #{####.##...#
#o{...)5# #.##o#...#
....### .##@##...#
.....##.#####...#
##.#...#.#####...#..#
##........#..........#
#..............).....#
#........##.###...####
#.#.#...###.###...# #.
#.#..†............#
#.##..#####.####.....#


You could see an orc priest.

Vanquished Creatures
  2 orc wizards (D:3)
  A hound skeleton (D:3)
  4 adders
  3 worms (D:2)
  4 leopard geckos
  6 orcs (D:3)
  2 giant cockroaches
  8 goblins
  4 hobgoblins
  4 kobolds
  3 ball pythons (D:2)
  3 bats
  6 frilled lizards
  11 rats
61 creatures vanquished.

Notes
Turn   | Place    | Note
-------+----------+-------------------------------------------
     0 | Abyss:1  | Kairos the Formicid Abyssal Knight began the quest for the
                  | Orb.
     0 | Abyss:1  | Reached XP level 1. HP: 18/18 MP: 2/2
     5 | Abyss:1  | Found a corrupted altar of Lugonu.
    49 | Abyss:2  | Noticed an ancient zyme
    55 | Abyss:2  | Noticed a neqoxec
    61 | Abyss:2  | Got a jewelled war axe
    64 | Abyss:2  | Noticed a crimson imp
    64 | Abyss:2  | Found a corrupted altar of Lugonu.
    81 | Abyss:2  | Identified the +1 war axe "Sokh" {chop, rN++ Int+3} (You
                  | found it on level 2 of the Abyss)
    83 | Abyss:2  | Noticed a spatial vortex
    90 | Abyss:2  | Noticed a spatial maelstrom
    91 | Abyss:2  | Noticed a spatial vortex
    92 | Abyss:2  | Noticed a large abomination
    94 | Abyss:2  | Noticed a spatial vortex
    94 | D:1      | Escaped the Abyss
   482 | D:1      | Reached * piety under Lugonu
   482 | D:1      | Reached XP level 2. HP: 24/24 MP: 3/3
   661 | D:1      | Reached skill level 1 in Axes
   682 | D:1      | Found a shattered altar of Ashenzari.
   754 | D:1      | Reached skill level 1 in Dodging
  1010 | D:1      | Gained mutation: You are somewhat resistant to further
                  | mutation. [potion of mutation]
  1010 | D:1      | Gained mutation: You are partially covered in yellow
                  | scales. (AC +2) [potion of mutation]
  1010 | D:1      | Gained mutation: You are frail. (-10% HP) [potion of
                  | mutation]
  1010 | D:1      | Gained mutation: You are somewhat resistant to both further
                  | mutation and mutation removal. [potion of mutation]
  1024 | D:2      | Reached XP level 3. HP: 27/27 MP: 4/4
  1062 | D:2      | Found a sparkling altar of Nemelex Xobeh.
  1153 | D:2      | Found a basalt altar of Yredelemnul.
  1153 | D:2      | Found a sacrificial altar of Ru.
  1154 | D:2      | Found a glowing golden altar of the Shining One.
  1163 | D:2      | Reached skill level 4 in Fighting
  1163 | D:2      | Reached XP level 4. HP: 31/33 MP: 5/5
  1490 | D:2      | Found a faded altar of an unknown god.
  1496 | D:2      | Reached ** piety under Lugonu
  1561 | D:2      | Found a deep blue altar of Sif Muna.
  1921 | D:3      | Reached XP level 5. HP: 37/37 MP: 6/6
  2082 | D:3      | Killed from afar by an orc priest

Skill      XL: |  1  2  3  4  5 |
---------------+----------------+-----
Axes           | 1 2 |  2.8
Dodging        | 1 |  1.8
Fighting       | 4 |  4.4
Armour         | 3 |  3.0
Polearms       | |  2.1
Stealth        | |  0.6
Shields        | |  0.9
Invocations    | |  2.2

Action                   |  1- 3 |  4- 6 || total
-------------------------+-------+-------++-------
Melee: War axe           |    87 |    98 ||   185
Invok: Depart the Abyss  |     1 |       ||     1
 Abil: Dig               |     5 |     1 ||     6
  Use: Potion            |     4 |       ||     4
       Scroll            |     3 |       ||     3
  Eat: Chunk             |     1 |     3 ||     4
Armor: Ring mail         |    38 |    50 ||    88
       Leather armour    |     2 |       ||     2
Dodge: Dodged            |    43 |    67 ||   110
Block: Buckler           |     9 |    14 ||    23
